 Dungeon Crawl Stone Soup version 0.24-a0-618-ge4662a2d14 (webtiles) character file.

Game seed: 288752473616852320, levelgen mode: deterministic

208 Peloso the Covered (level 5, -1/46 HPs)
             Began as a Minotaur Fighter on Sept 15, 2019.
             Slain by a gnoll
             ... wielding a +0 spear
              (8 damage)
             ... on level 3 of the Dungeon.
             The game lasted 00:04:09 (1865 turns).

Peloso the Covered (Minotaur Fighter)               Turns: 1865, Time: 00:04:09

Health: -1/46      AC:  8    Str: 20    XL:     5   Next: 55%
Magic:  4/4        EV:  4    Int:  5    God:
Gold:   123        SH:  0    Dex: 11    Spells: 4/4 levels left

rFire    . . .     SeeInvis .   a - +0 long sword
rCold    . . .     Gourm    .   c - +0 shield
rNeg     . . .     Faith    .   b - +0 scale mail
rPois    .         Spirit   .   (helmet restricted)
rElec    .         Reflect  .   (no cloak)
rCorr    .         Harm     .   (no gloves)
MR       .....                  g - +0 pair of boots
Stlth    ..........             (no amulet)
HPRegen  0.15/turn              (no ring)
MPRegen  0.09/turn              (no ring)

@: held
A: retaliatory headbutt, horns 2
a: no special abilities


You were on level 3 of the Dungeon.
You were not hungry.

You visited 1 branch of the dungeon, and saw 3 of its levels.

You collected 123 gold pieces.

Inventory:

Hand Weapons
 a - a +0 long sword (weapon)
Armour
 b - a +0 scale mail (worn)
 c - a +0 shield (worn)
 g - a +0 pair of boots (worn)
Wands
 r - a wand of flame (28)
Scrolls
 h - 2 scrolls of immolation {unknown}
 i - a scroll of teleportation {unknown}
 k - a scroll of fog {unknown}
 l - 3 scrolls of identify {unknown}
 m - 2 scrolls of enchant armour {unknown}
 p - 2 scrolls of magic mapping {unknown}
 q - 2 scrolls of enchant weapon {unknown}
 t - a scroll of random uselessness {unknown}
Potions
 d - a potion of might
 e - a potion of flight {unknown}
 j - 2 potions of cancellation {unknown}
 n - a potion of lignification {unknown}
 o - 4 potions of curing {unknown}
 u - a potion of degeneration {unknown}
Comestibles
 f - 7 rations


   Skills:
 + Level 4.3 Fighting
 + Level 4.4 Long Blades
 + Level 5.1 Armour
 + Level 1.4 Dodging
 + Level 4.6 Shields


You had 4 spell levels left.
You didn't know any spells.
Your spell library was empty.

Dungeon Overview and Level Annotations

Branches:
Dungeon (3/15)

Altars:


Innate Abilities, Weirdness & Mutations

You reflexively headbutt those who attack you in melee.
You have a pair of horns on your head.


Message History

The gnoll is severely wounded.
You block the gnoll's attack. x2; The gnoll closely misses you.
Unknown command.
The bat hits you but does no damage. You block the bat's attack.
You block the bat's attack.
The gnoll throws a throwing net.
The throwing net hits you.
You become entangled in the net!
You see here a throwing net.
You struggle against the net.
The bat hits you but does no damage. The gnoll hits you but does no damage.
You struggle against the net.
The bat hits you but does no damage.
The gnoll hits you from afar with a +0 spear!
You struggle against the net.
The bat hits you but does no damage. The bat barely misses you.
The gnoll hits you from afar with a +0 spear.
You struggle against the net.
The bat hits you but does no damage.
The gnoll hits you from afar with a +2 halberd of protection!
* * * LOW HITPOINT WARNING * * *
The gnoll hits you from afar with a +0 spear!
You die...

#.(......<.#######
#.##....[)........ . #.#
#.##.#####.####### #.#.#
.>...# ###÷######## #.#.#
#.######..........#
#.#.###
...........#..###b##
..... ..#####.......#
#..##.....
..#####..#.#..###.g...#)#
....÷...........@gg####.#
.......†...#######......#
#.####..##.# #..#####
#.###......# #..#
.........#.# #†.#
...........# #..#
...<.....#.# #..#
...........# ####..#####
.....#.#..###
#...........


You could see 3 gnolls and a bat.

Vanquished Creatures
  An orc priest (D:3)
  5 gnolls
  3 adders (D:2)
  2 oozes (D:3)
  3 worms
  2 dart slugs
  A leopard gecko (D:2)
  4 orcs
  6 bats
  3 giant cockroaches
  5 goblins
  9 hobgoblins
  9 jackals
  8 kobolds
  A quokka (D:2)
  A ball python (D:2)
  A frilled lizard (D:1)
  14 rats
78 creatures vanquished.

Notes
Turn   | Place    | Note
-------+----------+-------------------------------------------
     0 | D:1      | Peloso the Minotaur Fighter began the quest for the Orb.
     0 | D:1      | Reached XP level 1. HP: 19/19 MP: 0/0
   196 | D:1      | Reached XP level 2. HP: 27/27 MP: 1/1
   370 | D:1      | Reached skill level 4 in Armour
   785 | D:2      | Reached XP level 3. HP: 29/33 MP: 2/2
   894 | D:2      | Reached XP level 4. HP: 21/40 MP: 3/3
   938 | D:2      | Found a faded altar of an unknown god.
  1617 | D:2      | Reached XP level 5. HP: 44/46 MP: 4/4
  1650 | D:2      | Reached skill level 1 in Dodging
  1712 | D:3      | Reached skill level 5 in Armour
  1865 | D:3      | Slain by a gnoll

Levels and vault maps discovered:
D:1:      dpeg_arrival_leaves_temple_mockup, layout_basic, minmay_misc_feat_iff,
          minivault_27, minmay_pentomino_t2
D:2:      layout_rooms, chequers_ecumenical_altar_simple, first_ration,
          minmay_fractal_squares_gapless_5
D:3:      layout_loops_ring, uniq_ijyb, uniq_jessica

Skill      XL: |  1  2  3  4  5 |
---------------+----------------+-----
Armour         | 4 5 |  5.1
Long Blades    | 3 4 |  4.4
Fighting       | 4 |  4.3
Shields        | 4 |  4.6
Dodging        | 1 |  1.4

Action                   |  1- 3 |  4- 6 || total
-------------------------+-------+-------++-------
Melee: Long sword        |    83 |    79 ||   162
       Headbutt          |    10 |    14 ||    24
  Eat: Chunk             |       |     3 ||     3
Armor: Scale mail        |    22 |    57 ||    79
Dodge: Dodged            |    34 |    35 ||    69
Block: Shield            |    57 |    64 ||   121
       Rpst.: Long sword |    10 |     5 ||    15

Table legend:
 A = Non-vault XP
 B = Vault XP
 C = Vault XP percentage of total XP
 D = Non-vault monster count
 E = Vault monster count
 F = Vault count percentage of total count
                 A         B        C        D         E       F
            +---------+---------+-------+---------+---------+-------
      Total |     287 |      11 |   3.7 |      73 |       5 |   6.4
            +---------+---------+-------+---------+---------+-------
        D:1 |      32 |       4 |  11.1 |      18 |       1 |   5.3
        D:2 |     133 |       7 |   5.0 |      37 |       4 |   9.8
        D:3 |     122 |       0 |   0.0 |      18 |       0 |   0.0
            +---------+---------+-------+---------+---------+-------
